 Dungeon Crawl Stone Soup version 0.30-a0-626-gd6a5dd7a1f (webtiles) character file.

Game seed: 4510185053827252551

34 Citaku the Covered (level 3, -1/33 HPs)
             Began as a Minotaur Fighter on Jan 11, 2023.
             Constricted to death by Crazy Yiuf (3 damage)
             ... on level 2 of the Dungeon.
             The game lasted 00:01:21 (661 turns).

Citaku the Covered (Minotaur Fighter)                Turns: 661, Time: 00:01:21

Health: -1/33      AC:  8    Str: 22    XL:     3   Next: 14%
Magic:  2/2        EV:  6    Int:  5    God:
Gold:   59         SH:  4    Dex:  9    Spells: 2/2 levels left

rFire   . . .      SeeInvis .    a - +0 war axe
rCold   . . .      Faith    .    c - +0 buckler
rNeg    . . .      Spirit   .    b - +0 scale mail
rPois   .          Reflect  .    (helmet restricted)
rElec   .          Harm     .    (no cloak)
rCorr   .          Rampage  .    e - +0 pair of gloves
Will    .....                    (no boots) Stlth
                                 (no amulet)
HPRegen 0.25/turn                (no ring)
MPRegen 0.08/turn                (no ring)

@: mighty, grasped by roots, constricted
A: horns 2, retaliatory headbutt
a: no special abilities


You were on level 2 of the Dungeon.
You visited 1 branch of the dungeon, and saw 2 of its levels.

You collected 59 gold pieces.

Inventory:

Hand Weapons
 a - a +0 war axe (weapon)
Armour
 b - a +0 scale mail (worn)
 c - a +0 buckler (worn)
 e - a +0 pair of gloves (worn)
Jewellery
 g - an amulet of the acrobat
Scrolls
 i - 3 scrolls of teleportation {unknown}
 j - a scroll of identify {unknown}
Potions
 f - 2 potions of haste {unknown}
 h - a potion of invisibility {unknown}
 k - a potion of degeneration {unknown}


   Skills:
 + Level 3.9 Fighting
 * Level 3.1 Axes
 * Level 4.2 Armour
 + Level 3.9 Shields


You had 2 spell levels left.
You didn't know any spells.
Your spell library contained the following spells:

 Spells                   Type           Power      Damage    Failure   Level
 Sting                    Tmut/Pois      0%         1d3       87%         1
 Poisonous Vapours        Pois/Air       0%         N/A       95%         2
 Olgreb's Toxic Radiance  Pois           0%         N/A       100%        4


Dungeon Overview and Level Annotations

Branches:
Dungeon (2/15)

Altars:
Xom

Annotations:
D:2 Crazy Yiuf


Innate Abilities, Weirdness & Mutations

You have a pair of horns on your head.
You reflexively headbutt those who attack you in melee.


Message History

There is an open door here.
You see here a bat corpse.
Found a scroll labelled GYORHOGGOCH.
An adder comes into view.
The adder hisses angrily.
An adder is nearby!
A goblin comes into view.
It is wielding a +2 dagger of electrocution.
The goblin shouts!
You see here a +0 buckler.
The adder barely misses you. The adder bites you.
You see here a scroll labelled GYORHOGGOCH.
You block the goblin's attack.
You slash the goblin!
You kill the goblin!
You barely miss the adder. The adder bites you but does no damage.
The adder misses you. You furiously retaliate!
You headbutt the adder!
You see here a +2 dagger of electrocution.
You slash the adder!
You kill the adder!
You have reached level 3!
Your experience leads to an increase in your attributes!
Increase (S)trength, (I)ntelligence, or (D)exterity?
You feel stronger. x2
i - 2 scrolls labelled GYORHOGGOCH (gained 1)
i - 3 scrolls labelled GYORHOGGOCH (gained 1)
Found a runed translucent door.
Crazy Yiuf shouts!
Okay, then.
You feel very mighty all of a sudden. As you open the door, it creaks loudly!
You closely miss Crazy Yiuf.
Crazy Yiuf zaps a wand.
The roots erupt in riotous growth!
The grasping roots grab you!
Crazy Yiuf is unaffected.
The grasping roots constrict you.
Crazy Yiuf hits you with a +3 quarterstaff of chaos!
Space warps horribly around you!!
Ouch! That really hurt!
* * * LOW HITPOINT WARNING * * *
The grasping roots constrict you.
You die...

#.........###....#
#.....##### ##..##
#.....# ♣^...♣
####### ♣...♣♣
♣♣.♣♣ ♣.♣♣ ♣♣.♣
♣.♣♣ ♣♣@♣ #g# ...
#...# #..)# #####


You could see Crazy Yiuf.

Vanquished Creatures
  An adder (D:2)
  3 bats
  4 endoplasms
  3 goblins
  3 hobgoblins (D:1)
  2 kobolds (D:1)
  3 ball pythons (D:1)
  2 frilled lizards (D:1)
  3 rats
24 creatures vanquished.

Notes
Turn   | Place    | Note
-------+----------+-------------------------------------------
     0 | D:1      | Citaku the Minotaur Fighter began the quest for the Orb.
     0 | D:1      | Reached XP level 1. HP: 19/19 MP: 0/0
   127 | D:1      | Reached XP level 2. HP: 27/27 MP: 1/1
   211 | D:1      | Reached skill level 4 in Armour
   418 | D:2      | Found a shimmering altar of Xom.
   476 | D:2      | Found a faded altar of an unknown god.
   608 | D:2      | Reached XP level 3. HP: 31/33 MP: 2/2
   655 | D:2      | Found a runed translucent door.
   656 | D:2      | Noticed Crazy Yiuf
   661 | D:2      | Constricted to death by Crazy Yiuf

Illustrated notes

Levels and vault maps discovered:
D:1:      dpeg_arrival_arbitrary_c, layout_rooms
D:2:      layout_basic, chequers_ecumenical_altar_simple, basic_altar,
          nicolae_concentric_dashed_squares_mild, minmay_divided_ellipse,
          uniq_crazy_yiuf_cottage

Skill      XL: |  1  2 |
---------------+-------+-----
Armour         | 4 |  4.2
Axes           | 3 |  3.1
Fighting       | |  3.9
Shields        | |  3.9

Action                   || total
-------------------------++-------
Melee: War axe           ||    46
       Headbutt          ||     5
  Use: Potion            ||     1
Armor: Scale mail        ||    35
Dodge: Dodged            ||    26
Block: Buckler           ||    17

Table legend: (Time is in decaauts)
 A = Elapsed time spent in this place.
 B = Non-inter-level travel time spent in this place.
 C = Inter-level travel time spent in this place.
 D = Time resting spent in this place.
 E = Time spent auto-exploring this place.
 F = Levels seen in this place.
 G = Mean time per level.
                   A        B        C        D        E       F      G
               +--------+--------+--------+--------+--------+-----+--------+
         Total |    679 |    679 |      0 |      0 |    481 |   2 |  339.5 |
       Dungeon |    679 |    679 |      0 |      0 |    481 |   2 |  339.5 |
               +--------+--------+--------+--------+--------+-----+--------+

Top non-repeatable levels by time:
     D:1: 393 daAuts
     D:2: 286 daAuts
